 Dungeon Crawl Stone Soup version 0.22-a0-351-g29664b4 (webtiles) character file.

38 Amnesiac the Skirmisher (level 3, 0/39 HPs)
             Began as an Ogre Fighter on Apr 13, 2018.
             Slain by a scorpion (6 damage)
             ... on level 4 of the Dungeon.
             The game lasted 00:02:33 (870 turns).

Amnesiac the Skirmisher (Ogre Fighter)               Turns: 870, Time: 00:02:34

Health: 0/39       AC:  3    Str: 21    XL:     3   Next: 43%
Magic:  3/3        EV:  8    Int:  9    God:
Gold:   45         SH:  8    Dex:  8    Spells: 2/2 levels left

rFire    . . .     SeeInvis .   a - +0 long sword
rCold    . . .     Gourm    .   c - +0 shield
rNeg     . . .     Faith    .   b - +0 robe
rPois    .         Spirit   .   (helmet restricted)
rElec    .         Reflect  .   (no cloak)
rCorr    .         Harm     .   (gloves unavailable)
MR       .....                  (boots unavailable)
Stlth    +.........             (no amulet)
HPRegen  0.13/turn              (no ring)
MPRegen  0.08/turn              (no ring)

@: lethally poisoned (0 -> -18)
A: large, unfitting armour, tough skin 1
a: no special abilities


You were on level 4 of the Dungeon.
You were not hungry.

You visited 1 branch of the dungeon, and saw 5 of its levels.

You collected 45 gold pieces.

Inventory:

Hand Weapons
 a - a +0 long sword (weapon)
 i - a +1 dagger of speed
Missiles
 j - a stone (quivered)
 q - 15 sling bullets
Armour
 b - a +0 robe (worn)
 c - a +0 shield (worn)
Scrolls
 e - 2 scrolls of remove curse {!r, unknown}
 k - 2 scrolls of teleportation {!r, unknown}
 m - a scroll of magic mapping {!r, unknown}
 n - a scroll of enchant weapon {!r, unknown}
 o - a scroll of random uselessness {!r, unknown}
Potions
 d - a potion of might {!q}
 l - a potion of ambrosia {!q, unknown}
 p - 2 potions of haste {!q, unknown}
 r - a potion of resistance {!q, unknown}
Comestibles
 f - 4 rations
 g - a chunk of flesh


   Skills:
 - Level 4.0 Fighting
 - Level 2.0 Long Blades
 + Level 2.8 Throwing
 - Level 2.6 Dodging
 - Level 2.6 Shields


You had 2 spell levels left.
You didn't know any spells.

Dungeon Overview and Level Annotations

Branches:
Dungeon (5/15)
 Temple: D:4-7

Altars:


Innate Abilities, Weirdness & Mutations

You are too large for most types of armour.
You have tough skin. (AC +1)


Message History

The scorpion poisons you! You block the scorpion's attack.
Unknown command.
Throwing (i - inventory. (/) - cycle)
h - 2 tomahawks (quivered)
Press: ? - help, Shift-Dir - straight line, f/p - scorpion
Aim: a scorpion (lightly wounded)
You throw a tomahawk. The tomahawk hits the scorpion!
The scorpion is heavily wounded.
You feel sick. The scorpion closely misses you.
Unknown command.
Throwing (i - inventory. (/) - cycle)
h - a tomahawk (quivered)
Press: ? - help, Shift-Dir - straight line, f/p - scorpion
Aim: a scorpion (heavily wounded)
You throw a tomahawk.
The tomahawk hits the scorpion but does no damage.
The scorpion is heavily wounded.
You feel sick. The scorpion barely misses you.
Unknown command.
You closely miss the scorpion.
The scorpion is heavily wounded.
You feel sick. You block the scorpion's attack.
You hit the scorpion.
The scorpion is severely wounded.
You feel sick. The scorpion stings you.
You hit the scorpion.
The scorpion is severely wounded.
The scorpion closely misses you.
The scorpion stings you but does no damage.
You closely miss the scorpion.
The scorpion is severely wounded.
You feel sick. The scorpion closely misses you.
You barely miss the scorpion.
The scorpion is severely wounded.
You feel sick. You block the scorpion's attack. The scorpion barely misses you.
You hit the scorpion.
The scorpion is severely wounded.
You feel sick. The scorpion barely misses you.
You barely miss the scorpion.
The scorpion is severely wounded.
The scorpion stings you.
* * * LOW HITPOINT WARNING * * *
You are more poisoned.
The scorpion poisons you!
You closely miss the scorpion.
The scorpion is severely wounded.
* * * LOW HITPOINT WARNING * * *
You feel sick. The scorpion barely misses you. x2
You closely miss the scorpion.
The scorpion is severely wounded.
* * * LOW HITPOINT WARNING * * *
You feel sick. The scorpion closely misses you.
You riposte.
You hit the scorpion but do no damage.
The scorpion is severely wounded.
You barely miss the scorpion.
The scorpion is severely wounded.
You feel sick.
The scorpion stings you but does no damage.
You hit the scorpion.
The scorpion is almost dead.
* * * LOW HITPOINT WARNING * * *
You feel sick. The scorpion stings you.
* * * LOW HITPOINT WARNING * * *
You are more poisoned.
The scorpion poisons you! The scorpion stings you.
You die...

#..#..##### .....
#.........# ....
##.........# #..#
#..........# ##### #..#
...........# #...### #..#
### #..........#
##.....###..###.##
#.#..#.....#
##................# ##
#.....####........<........#
#...(....(s@...######......#
##.....>..#..### #.....##
#....######## ####...#
#....# #...# ##..## #...#
#### #...# ######## ##..##
####......## #..##
###..........# #.##


You could see a scorpion.

Vanquished Creatures
  A shadow imp (D:5)
  An adder skeleton (D:4)
  A worm (D:2)
  A dart slug (D:2)
  2 leopard geckos
  An orc (D:3)
  A ball python (D:2)
  A goblin (D:3)
  5 hobgoblins
  3 bats
  A frilled lizard (D:4)
  A kobold (D:1)
  2 rats (D:2)
21 creatures vanquished.

Notes
Turn   | Place    | Note
-------+----------+-------------------------------------------
     0 | D:1      | Amnesiac the Ogre Fighter began the quest for the Orb.
     0 | D:1      | Reached XP level 1. HP: 24/24 MP: 1/1
    76 | D:1      | Reached skill level 1 in Throwing
   168 | D:2      | Reached XP level 2. HP: 29/32 MP: 2/2
   436 | D:3      | Reached XP level 3. HP: 21/39 MP: 3/3
   823 | D:5      | Entered Level 5 of the Dungeon
   838 | D:4      | Noticed a scorpion
   870 | D:4      | Slain by a scorpion

Vault maps used:
D:1:      co_arrival_square_in_a_square_in_a_square, serial_glass,
          glass_columns_b, glass_columns_b, fountainhead,
          minmay_misc_feat_alley, okawaru_ov_weapons_minmay
D:2:      corexii_hall_statues_s, hangedman_decor_push
D:3:      chequers_ecumenical_altar_lobes
D:4:      regret_index_temple_of_mockery, first_ration
D:5:      vehumet_statue

Skill      XL: |  1  2 |
---------------+-------+-----
Long Blades    | 2 |  2.0
Throwing       | 1 2 |  2.8
Fighting       | |  4.0
Dodging        | |  2.6
Shields        | |  2.6

Action                   || total
-------------------------++-------
Melee: Long sword        ||    87
Throw: Tomahawk          ||    10
Armor: Robe              ||    34
Dodge: Dodged            ||    41
Block: Shield            ||    31
       Rpst.: Long sword ||    12

Table legend:
 A = Spawn XP
 B = Non-spawn XP
 C = Spawn XP percentage of total XP
 D = Spawn monster count
 E = Non-spawn monster count
 F = Spawn count percentage of total count
 G = Total turns spent on level
                    A         B        C        D         E        F      G
               +---------+---------+-------+---------+---------+-------+---------
         Total |       0 |      55 |   0.0 |       0 |      21 |   0.0 |   870
               +---------+---------+-------+---------+---------+-------+---------
           D:1 |       0 |       8 |   0.0 |       0 |       5 |   0.0 |   106
           D:2 |       0 |      17 |   0.0 |       0 |       8 |   0.0 |   221
           D:3 |       0 |      10 |   0.0 |       0 |       4 |   0.0 |   273
           D:4 |       0 |       9 |   0.0 |       0 |       3 |   0.0 |   256
           D:5 |       0 |      11 |   0.0 |       0 |       1 |   0.0 |    14
               +---------+---------+-------+---------+---------+-------+---------
